 Dungeon Crawl Stone Soup version 0.28.0-53-g5a82cb258f (webtiles) character file.

Game seed: 16834127260312083139

7 bnorton916 the Firebug (level 1, -1/10 HPs)
             Began as a Deep Elf Fire Elementalist on July 5, 2022.
             Slain by a gnoll
             ... wielding a +0 flail
              (10 damage)
             ... on level 1 of the Dungeon.
             The game lasted 00:00:28 (485 turns).

bnorton916 the Firebug (Deep Elf Fire Elementalist)  Turns: 485, Time: 00:00:28

Health: -1/10      AC:  2    Str:  5    XL:     1   Next: 91%
Magic:  0/6        EV: 12    Int: 19    God:
Gold:   25         SH:  0    Dex: 15    Spells: 5/6 levels left

rFire   . . .      SeeInvis .   (no weapon)
rCold   . . .      Faith    .   (no shield)
rNeg    . . .      Spirit   .   a - +0 robe
rPois   .          Reflect  .   (no helmet)
rElec   .          Harm     .   (no cloak)
rCorr   .          Rampage  .   (no gloves)
Will    .....                   (no boots)
Stlth   ++........              (no amulet)
HPRegen 0.03/turn               (no ring)
MPRegen 0.10/turn               (no ring)

@: no status effects
A: no striking features
a: no special abilities


You were on level 1 of the Dungeon.
You visited 1 branch of the dungeon, and saw 1 of its levels.

You collected 25 gold pieces.

Inventory:

Armour
 a - a +0 robe (worn)
Scrolls
 c - a scroll of amnesia {unknown}
Potions
 b - 2 potions of resistance {unknown}


   Skills:
 - Level 2.4 Dodging
 - Level 2.4 Stealth
 + Level 3.3 Spellcasting
 + Level 1.5 Conjurations
 + Level 3.5 Fire Magic


You had 5 spell levels left.
You knew the following spells:

 Your Spells              Type           Power      Damage    Failure   Level
a - Foxfire               Conj/Fire      48%        2x1d6     5%          1

Your spell library contained the following spells:

 Spells                   Type           Power      Damage    Failure   Level
 Scorch                   Fire           32%        2d7       5%          2
 Conjure Flame            Conj/Fire      12%        6-21      16%         3
 Inner Flame              Hex/Fire       9%         N/A       22%         3
 Flame Wave               Conj/Fire      12%        2d6       45%         4


Dungeon Overview and Level Annotations

Branches:
Dungeon (1/15)

Altars:

Shops:
D:1 *


Message History

You kill the rat!
The foxfire hits the jackal.
The jackal is almost dead.
The foxfire hits the jackal but does no damage.
The jackal is almost dead.
A jackal is nearby!
A jackal is nearby!
Casting: Foxfire (safe; 5% risk of failure)
Confirm with . or Enter, or press ? or * to list all spells.
You conjure some foxfire!
The jackal bites you.
The foxfire hits the jackal.
You kill the jackal!
Casting: Foxfire (safe; 5% risk of failure)
Confirm with . or Enter, or press ? or * to list all spells.
You conjure some foxfire!
A bat comes into view.
The foxfire hits the gnoll but does no damage.
The foxfire hits the gnoll.
The gnoll is moderately wounded.
Casting: Foxfire (safe; 5% risk of failure)
Confirm with . or Enter, or press ? or * to list all spells.
You conjure some foxfire!
The foxfire hits the gnoll.
The gnoll is moderately wounded.
The foxfire hits the gnoll.
The gnoll is severely wounded.
The foxfire hits the gnoll but does no damage.
The gnoll is severely wounded.
Casting: Foxfire (safe; 5% risk of failure)
Confirm with . or Enter, or press ? or * to list all spells.
You don't have enough magic to cast this spell.
Casting: Foxfire (safe; 5% risk of failure)
Confirm with . or Enter, or press ? or * to list all spells.
You don't have enough magic to cast this spell.
Casting: Foxfire (safe; 5% risk of failure)
Confirm with . or Enter, or press ? or * to list all spells.
You don't have enough magic to cast this spell.
Unknown command.
The bat hits you but does no damage. The gnoll hits you with a +0 flail!
Ouch! That really hurt!
You die...

....................#.
###.#.##.......#######.
................# #.
###.#......#....# #.
#......#....# #.
#......##+### #.
#......##.. #.
#.......... ..
##@####.##. #. #gb§.#.#
..)...#§§.# #
..........# .##.###..##
... .... ... ..### ..
.## ..


You could see a gnoll and a bat.

Vanquished Creatures
  An endoplasm (D:1)
  A hobgoblin (D:1)
  A jackal (D:1)
  2 bats (D:1)
  A kobold (D:1)
  2 rats (D:1)
8 creatures vanquished.

Vanquished Creatures (others)
  27 foxfires (D:1)
27 creatures vanquished.

Grand Total: 35 creatures vanquished

Notes
Turn   | Place    | Note
-------+----------+-------------------------------------------
     0 | D:1      | bnorton916 the Deep Elf Fire Elementalist began the quest
                  | for the Orb.
     0 | D:1      | Reached XP level 1. HP: 10/10 MP: 6/6
    58 | D:1      | Found Kime's General Store.
   485 | D:1      | Slain by a gnoll

Illustrated notes

Levels and vault maps discovered:
D:1:      heliophobic_arrival_henge, layout_basic,
          hellmonk_ecumenical_altar_zigzags, serial_shops,
          nicolae_shop_advertising_works [nicolae_subvault_shop_adworks],
          minmay_surrounded

Action                   || total
-------------------------++-------
 Cast: Foxfire           ||    20
Armor: Robe              ||     2
Dodge: Dodged            ||     1
